Map: Croisement de Kairos EC

Players

Shino

  • Race: Zerg Zerg
  • League: Grandmaster
  • Spawn Location: 5:00

Uzikoti - Winner!

  • Race: Terran Terran
  • League: Grandmaster
  • Spawn Location: 11:00

VOD

Have the link to the VOD?

Description

Time

  • Played on: March 25, 2019, 12:40 p.m.
  • Length: 20:26
Show
View Real Time Build Order
Export as new Build Order

Shino Zerg 

Build Orders: Hatch First 

Get SALT Encoding   

  12  0:03  Drone  
  13  0:12  Overlord  
  13  0:18  Drone  
  14  0:31  Drone x2  
  16  0:48  Hatchery  
  15  0:52  Drone  
  15  0:55  Drone  
  17  0:59  Drone  
  18  1:09  Extractor  
  17  1:14  Spawning Pool  
  17  1:17  Drone  
  17  1:20  Drone  
  18  1:29  Drone  
  19  1:39  Overlord  
  19  1:50  Drone  
  20  2:00  Queen  
  20  2:01  Queen, Zergling x4  
  26  2:09  Metabolic Boost  
  26  2:11  Drone  
  26  2:13  Drone  
  28  2:32  Hatchery  
  28  2:36  Drone  
  28  2:38  Drone  
  28  2:42  Drone  
  30  2:47  Overlord  
  30  2:52  Queen  
  30  2:56  Drone  
  33  3:02  Drone  
  34  3:09  Drone x2  
  35  3:13  Drone x4  
  38  3:21  Overlord  
  38  3:23  Drone  
  38  3:24  Drone  
  40  3:29  Drone  
  40  3:31  Queen  
  43  3:39  Overlord x2  
  43  3:45  Drone  
  43  3:46  Drone x3  
  47  3:49  Drone x2  
  47  3:52  Queen  
  51  3:58  Drone x3  
  54  4:06  Drone x2  
  54  4:07  Drone x3  
  59  4:10  Queen  
  59  4:16  Zergling x4  
  63  4:20  Zergling x2  
  63  4:21  Zergling x6  
  67  4:31  Zergling x6  
  67  4:38  Zergling x4  
  72  4:40  Extractor  
  72  4:41  Extractor  
  72  4:42  Evolution Chamber  
  72  4:43  Drone x4  
  72  4:45  Evolution Chamber  
  72  4:50  Drone  
  72  4:51  Overlord  
  72  4:52  Overlord x2  
  73  4:54  Overlord  
  73  4:57  Lair  
  73  4:59  Baneling Nest  
  72  5:01  Extractor  
  72  5:02  Drone  
  72  5:08  Zergling x2  
  72  5:13  Zergling x10  
  78  5:15  Zerg Melee Weapons Level 1  
  78  5:16  Zerg Ground Armor Level 1  
  78  5:17  Zergling x6  
  81  5:22  Zergling x2  
  81  5:23  Zergling x10  
  87  5:31  Drone x3  
  90  5:44  Drone x2  
  90  5:45  Drone x3  
  90  5:46  Zergling x2  
  96  5:51  Overlord  
  96  5:56  Zergling x2  
  97  6:02  Overlord x2  
  97  6:03  Centrifical Hooks  
  97  6:06  Baneling x13  
  97  6:09  Overlord x4  
  97  6:14  Baneling x3  
  97  6:20  Zergling x16  
  101  6:27  Zergling x4  
  101  6:28  Zergling x8  
  101  6:32  Queen x2  
  103  6:34  Queen  
  109  6:41  Zergling x2  
  109  6:42  Zergling x8  
  109  6:45  Zergling x4  
  116  6:54  Baneling x10  
  109  7:02  Spore Crawler  
  109  7:08  Queen x2  
  108  7:10  Queen  
  114  7:17  Zergling x18  
  123  7:22  Spore Crawler  
  78  7:44  Zergling x14  
  78  7:45  Zergling x16  
  82  7:57  Hydralisk Den  
  82  7:58  Zergling x6  
  80  8:06  Queen x3  
  80  8:10  Baneling x11  
  80  8:12  Zergling x2  
  86  8:13  Zergling x4  
  86  8:14  Zergling x2  
  86  8:18  Zergling x4  
  91  8:20  Zerg Melee Weapons Level 2, Zerg Missile Weapons Level 1  
  91  8:26  Zergling x14  
  96  8:31  Zergling x4  
  95  8:35  Baneling  
  95  8:36  Baneling x11  
  88  8:41  Zergling x2  
  88  8:42  Zergling x4  
  88  8:45  Spore Crawler  
  88  8:46  Spore Crawler  
  88  8:47  Muscular Augments, Hydralisk  
  85  8:57  Hydralisk x3  
  83  9:04  Hydralisk x2  
  86  9:14  Hydralisk x3  
  91  9:22  Spore Crawler  
  91  9:23  Hydralisk x2  
  90  9:26  Spore Crawler  
  90  9:27  Baneling  
  90  9:28  Baneling x2  
  89  9:33  Drone  
  89  9:34  Drone x3  
  89  9:35  Queen  
  89  9:36  Extractor  
  89  9:38  Queen  
  94  9:40  Queen  
  95  9:55  Zergling x12  
  95  9:58  Grooved Spines  
  95  10:07  Zergling x6  
  98  10:19  Drone  
  99  10:21  Hydralisk  
  99  10:22  Hydralisk  
  99  10:26  Baneling  
  99  10:27  Hatchery, Baneling x11  
  102  10:30  Hydralisk x3  
  102  10:35  Hydralisk  
  106  10:48  Drone  
  106  10:49  Drone x7  
  114  10:53  Hydralisk x5  
  124  10:57  Zerg Missile Weapons Level 2  
  124  11:01  Zergling x4  
  126  11:06  Zergling x2  
  126  11:07  Zergling x2  
  126  11:08  Baneling x5  
  126  11:09  Baneling  
  124  11:22  Zergling x12  
  128  11:27  Zergling x2  
  128  11:28  Zergling x2  
  130  11:35  Baneling x8  
  128  11:44  Hydralisk  
  128  11:45  Hydralisk x6  
  129  11:47  Zergling x6  
  129  11:50  Zergling x2  
  133  11:55  Baneling x6  
  133  11:57  Overseer  
  133  12:02  Zergling x2  
  133  12:03  Zergling x18  
  138  12:14  Zergling x10  
  134  12:16  Zergling x2  
  134  12:17  Zergling x2  
  136  12:24  Baneling x14  
  130  12:32  Zergling x2  
  130  12:33  Zergling x10  
  130  12:35  Hydralisk  
  132  12:41  Hydralisk  
  132  12:43  Hydralisk x2  
  133  12:49  Zergling x4  
  130  12:55  Hydralisk x2  
  100  13:08  Queen x3  
  84  13:16  Hydralisk x8  
  97  13:25  Hydralisk x2  
  97  13:26  Hydralisk  
  101  13:28  Zergling x2  
  101  13:34  Extractor, Zergling x4  
  106  13:35  Extractor  
  106  13:36  Zergling x2  
  106  13:40  Zergling x4  
  105  13:54  Hydralisk  
  105  13:55  Hydralisk x4  
  115  14:04  Baneling x10  
  115  14:10  Hydralisk x2  
  119  14:29  Zergling x18  
  125  14:43  Drone x2  
  125  14:44  Drone x3, Infestation Pit, Hydralisk  
  125  14:45  Extractor, Hydralisk x5  
  141  14:50  Hatchery  
  136  14:55  Hydralisk x3  
  140  15:08  Drone x2  
  140  15:09  Zerg Ground Armor Level 2  
  140  15:10  Spire  
  140  15:11  Baneling  
  140  15:13  Baneling x5  
  140  15:14  Baneling  
  141  15:17  Overlord  
  141  15:18  Overlord  
  141  15:26  Drone  
  141  15:27  Drone x2  
  144  15:38  Zergling x2  
  144  15:39  Zergling x16  
  153  15:45  Drone x4  
  157  15:52  Baneling x9  
  143  16:16  Hydralisk x8  
  159  16:23  Hive  
  151  16:35  Hydralisk x5  
  160  16:54  Extractor  
  160  16:57  Hatchery, Extractor  
  155  17:01  Hydralisk  
  155  17:02  Hydralisk x4  
  155  17:04  Overlord x2  
  162  17:33  Zergling x12  
  162  17:35  Extractor, Overlord x4  
  167  17:38  Zerg Flyer Weapons Level 1  
  167  17:39  Extractor  
  158  17:53  Viper  
  158  17:54  Viper x3  
  158  17:55  Viper x2  
  176  17:59  Hydralisk  
  178  18:08  Hydralisk x2  
  178  18:10  Baneling x2  
  178  18:11  Baneling x5  
  182  18:14  Baneling x4  
  116  18:27  Zergling x12  
  116  18:28  Zergling x6  
  109  18:37  Hydralisk x2  
  109  18:38  Hydralisk  
  108  18:45  Hydralisk x2  
  108  18:46  Hydralisk  
  107  19:01  Hydralisk x2  
  82  19:27  Hydralisk x4  
  60  20:00  Hatchery  
Show
View Real Time Build Order
Export as new Build Order

Uzikoti Terran - Winner!

Build Orders:  

Get SALT Encoding   

  12  0:00  SCV  
  13  0:13  SCV  
  14  0:17  Supply Depot  
  14  0:25  SCV  
  15  0:38  SCV  
  15  0:39  Barracks  
  16  0:43  Refinery  
  16  0:50  SCV  
  17  1:02  SCV  
  18  1:14  SCV  
  19  1:26  Barracks Reactor  
  19  1:27  Orbital Command  
  19  1:40  Command Center  
  19  1:48  Supply Depot  
  19  1:52  SCV  
  20  2:02  Marine x2  
  20  2:04  SCV  
  23  2:10  Factory  
  23  2:16  SCV  
  23  2:19  Marine  
  23  2:20  Marine  
  23  2:22  Refinery  
  26  2:28  SCV  
  27  2:33  Ghost Academy  
  27  2:40  SCV  
  27  2:43  Barracks Tech Lab  
  28  2:51  Orbital Command  
  28  2:53  SCV  
  29  3:06  Ghost  
  29  3:07  Hellion  
  33  3:13  SCV  
  33  3:17  SCV  
  33  3:18  Hellion  
  37  3:22  Supply Depot  
  37  3:25  SCV  
  38  3:30  Hellion, SCV  
  41  3:35  Ghost  
  41  3:37  SCV  
  44  3:42  SCV  
  44  3:46  Supply Depot  
  45  3:49  SCV  
  45  3:51  Hellion  
  45  3:54  SCV  
  49  3:59  Starport  
  49  4:02  SCV  
  50  4:06  SCV  
  50  4:08  Supply Depot, Ghost  
  55  4:10  Hellion  
  55  4:15  SCV  
  56  4:18  Hellion  
  56  4:19  SCV  
  56  4:20  Refinery  
  56  4:21  Refinery  
  59  4:27  SCV  
  59  4:31  SCV  
  61  4:32  Supply Depot  
  61  4:37  Starport Reactor  
  61  4:39  Hellion  
  61  4:41  SCV  
  61  4:42  Ghost  
  61  4:43  SCV  
  67  4:54  SCV  
  67  4:55  Supply Depot  
  67  4:56  SCV  
  67  4:58  Hellion  
  71  5:00  Hellion  
  71  5:02  Supply Depot  
  71  5:06  SCV  
  74  5:07  Supply Depot  
  74  5:11  Ghost  
  74  5:13  Liberator, Medivac  
  78  5:17  SCV  
  78  5:18  SCV  
  80  5:23  Hellion  
  80  5:24  Hellion  
  84  5:29  SCV  
  84  5:34  Supply Depot  
  88  5:39  Liberator, Ghost  
  90  5:47  Hellion x2  
  93  5:52  SCV  
  97  6:00  SCV  
  98  6:08  Command Center, Ghost, Hellion  
  102  6:14  SCV x2  
  104  6:24  Hellion  
  106  6:27  Liberator  
  106  6:29  Hellion  
  106  6:32  SCV  
  109  6:38  Armory  
  109  6:43  Supply Depot  
  109  6:44  Ghost  
  114  6:48  Liberator  
  114  6:51  Hellion  
  114  6:53  SCV  
  117  7:05  Hellion  
  122  7:13  Ghost  
  122  7:14  SCV x2  
  124  7:34  Liberator  
  108  7:41  Ghost  
  108  7:43  Hellion x2  
  83  7:55  Terran Vehicle And Ship Armor Level 1  
  84  8:03  Orbital Command, SCV  
  84  8:04  Hellion  
  87  8:10  Hellion  
  87  8:12  SCV  
  90  8:13  Factory  
  90  8:14  Starport  
  90  8:15  SCV  
  91  8:24  SCV  
  92  8:31  Refinery  
  92  8:33  Ghost  
  94  8:34  Hellion x2  
  94  8:36  SCV  
  94  8:38  Liberator x2  
  83  8:43  Refinery  
  83  8:53  SCV  
  94  8:55  Hellion  
  94  8:56  Hellion  
  94  9:01  Ghost, SCV  
  94  9:02  Orbital Command  
  89  9:05  SCV  
  88  9:11  Factory Tech Lab  
  88  9:12  Starport Tech Lab  
  88  9:13  Fusion Core, SCV  
  89  9:17  SCV  
  90  9:25  SCV  
  90  9:26  Liberator  
  90  9:27  Hellion x2  
  90  9:28  SCV  
  90  9:29  SCV  
  97  9:37  Refinery, SCV  
  98  9:40  SCV  
  98  9:41  Ghost  
  98  9:43  Hellion, Infernal Pre-Igniter  
  98  9:45  SCV  
  107  9:49  SCV  
  106  9:53  SCV  
  106  9:57  SCV  
  105  10:01  SCV  
  105  10:02  Hellion x4  
  105  10:05  SCV  
  105  10:06  Hellion  
  105  10:07  Hellion  
  109  10:09  Ghost, SCV  
  109  10:13  SCV  
  113  10:17  SCV  
  113  10:21  SCV  
  115  10:22  Supply Depot, Refinery, Engineering Bay  
  115  10:26  SCV  
  115  10:28  Advanced Ballistics  
  116  10:29  SCV  
  116  10:35  Command Center x2  
  117  10:37  Supply Depot, SCV  
  117  10:38  Ghost  
  117  10:42  Supply Depot, SCV  
  111  10:44  SCV  
  111  10:49  SCV  
  113  10:50  Terran Infantry Weapons Level 1  
  113  10:54  SCV  
  113  10:55  Terran Vehicle And Ship Armor Level 2  
  120  10:57  Hellion x3  
  120  10:58  SCV  
  120  11:03  Factory  
  121  11:16  SCV  
  116  11:21  Ghost  
  116  11:22  Hellion x2  
  116  11:23  SCV  
  116  11:24  SCV  
  122  11:26  Hellion  
  124  11:37  Liberator  
  110  11:47  Liberator  
  110  11:48  Liberator  
  110  11:49  Hellion x2, Ghost  
  110  11:50  Factory Reactor  
  110  11:53  Siege Tank  
  120  12:14  Hellion, SCV  
  123  12:18  Ghost  
  125  12:36  Liberator x2  
  125  12:39  Hellion x4  
  125  12:43  Planetary Fortress  
  129  12:46  Ghost, SCV  
  130  12:53  Hellion  
  130  12:54  SCV  
  128  13:10  Hellion x3  
  116  13:15  Ghost  
  116  13:16  Hellion  
  116  13:18  Terran Infantry Weapons Level 2  
  118  13:31  Command Center  
  118  13:48  SCV  
  119  13:50  SCV x2  
  119  13:52  Liberator, SCV  
  119  13:53  Planetary Fortress  
  122  13:58  Ghost  
  122  13:59  Hellion x3  
  122  14:00  SCV  
  132  14:02  SCV  
  132  14:03  SCV  
  132  14:04  SCV  
  137  14:15  Terran Ship Weapons Level 1  
  137  14:22  Liberator  
  132  14:34  SCV x2  
  132  14:37  Ghost  
  138  14:38  Hellion  
  138  14:39  Hellion x3, SCV  
  138  14:40  SCV, Sensor Tower  
  138  14:42  Missile Turret  
  149  14:51  Raven  
  151  14:58  Sensor Tower  
  147  15:00  Refinery  
  147  15:01  Hellion x3  
  147  15:02  Refinery  
  147  15:04  SCV x4  
  151  15:11  Ghost  
  151  15:12  Hellion  
  155  15:20  Planetary Fortress  
  155  15:25  Drilling Claws  
  155  15:27  Widow Mine x2  
  159  15:39  Ghost  
  161  15:49  Hellion x2  
  163  15:59  Liberator  
  157  16:08  Ghost  
  152  16:14  Hellion  
  152  16:15  Hellion x3  
  163  16:20  Raven  
  163  16:24  Barracks  
  163  16:25  SCV x2  
  167  16:36  Hellion, Widow Mine  
  167  16:37  Widow Mine  
  167  16:39  Terran Infantry Armor Level 1  
  173  16:57  Ghost  
  173  16:58  Hellion  
  172  17:17  Liberator x2  
  172  17:26  Command Center  
  172  17:32  Ghost  
  172  17:33  Barracks Tech Lab  
  172  17:34  Hellion x4  
  187  17:45  Command Center  
  161  17:59  Ghost  
  161  18:00  Hellion, Ghost  
  128  18:50  Widow Mine x3  
  111  19:17  Ghost x2  
  111  19:18  Hellion  
  111  19:19  Hellion x2  
  107  19:46  Ghost x2  
  107  19:47  Hellion  
Tags
 
Add a new tag
Caveats
  • Supply blocks, unpowered buildings, or Contaminate may cause inaccurate times.
  • Supply counts are checked every 10 seconds.